Map: Blackpink LE

Players

Zest - Winner!

  • Race: Protoss Protoss
  • Spawn Location: 7:00

Stephano

  • Race: Zerg Zerg
  • Spawn Location: 1:00

Event: IEM Season 12 - PyeongChang

VOD

Have the link to the VOD?

Description

Time

  • Played on: Feb. 4, 2018, 10:58 p.m.
  • Length: 13:43

All games in this series

Show
View Real Time Build Order
Export as new Build Order

Zest Protoss - Winner!

Build Orders: 1 Gate Expand, Oracle Opening, Phoenix Opening, Zealot Archon, Colossus Rush 

Get SALT Encoding   

  12  0:00  Probe  
  13  0:12  Probe  
  14  0:17  Pylon  
  14  0:25  Probe (Chrono Boost)  
  15  0:37  Probe (Chrono Boost)  
  15  0:40  Gateway  
  16  0:45  Probe (Chrono Boost)  
  16  0:46  Assimilator  
  17  0:51  Probe  
  18  1:03  Probe  
  19  1:15  Probe  
  20  1:24  Nexus  
  20  1:34  Cybernetics Core  
  20  1:37  Probe  
  21  1:43  Assimilator  
  21  1:49  Probe  
  21  1:52  Pylon  
  22  2:01  Probe  
  22  2:07  Stalker (Chrono Boost)  
  23  2:13  Probe  
  26  2:17  Stargate  
  26  2:25  Probe  
  26  2:27  Warp Gate  
  26  2:29  Adept (Chrono Boost)  
  27  2:36  Probe  
  30  2:38  Probe  
  31  2:48  Probe  
  31  2:50  Probe  
  33  2:58  Oracle (Chrono Boost)  
  33  3:00  Probe  
  33  3:03  Probe  
  38  3:11  Gateway  
  39  3:12  Probe  
  39  3:14  Pylon  
  39  3:15  Probe  
  40  3:25  Oracle (Chrono Boost), Probe  
  41  3:27  Probe  
  45  3:37  Gateway, Probe (Chrono Boost)  
  45  3:40  Probe (Chrono Boost)  
  47  3:48  Assimilator  
  47  3:49  Probe (Chrono Boost)  
  47  3:52  Assimilator  
  47  3:55  Phoenix  
  51  3:57  Probe x2 (Chrono Boost)  
  51  3:58  Pylon  
  52  4:03  Probe x2  
  52  4:07  Robotics Facility  
  54  4:16  Probe x2  
  56  4:20  Pylon  
  56  4:33  Probe x2  
  56  4:34  Adept x2  
  56  4:37  Pylon  
  62  4:45  Probe  
  63  4:48  Probe  
  63  4:50  Nexus  
  64  5:00  Observer (Chrono Boost)  
  64  5:02  Robotics Bay  
  64  5:04  Pylon  
  64  5:06  Pylon  
  65  5:13  Zealot x2  
  67  5:15  Warp Prism  
  69  5:38  Probe x2  
  69  5:42  Twilight Council  
  71  5:43  Forge  
  71  5:52  Colossus (Chrono Boost)  
  71  5:54  Extended Thermal Lance (Chrono Boost)  
  77  6:00  Sentry  
  77  6:01  Sentry x2  
  77  6:02  Probe x3  
  86  6:05  Gateway  
  86  6:06  Gateway  
  86  6:15  Protoss Ground Weapons Level 1 (Chrono Boost)  
  86  6:16  Gateway  
  86  6:17  Charge (Chrono Boost)  
  86  6:18  Pylon  
  86  6:24  Probe  
  79  6:29  Probe  
  79  6:30  Colossus (Chrono Boost), Probe  
  79  6:32  Pylon  
  87  6:42  Probe x2  
  87  6:44  Assimilator  
  87  6:46  Photon Cannon  
  87  6:47  Assimilator, Pylon  
  89  6:52  Probe  
  90  6:54  Probe x2  
  90  6:55  Pylon  
  91  7:04  Probe  
  91  7:06  Probe x2  
  94  7:08  Templar Archives, Observer  
  94  7:14  Warp Prism  
  96  7:16  Probe  
  96  7:17  Zealot x4  
  96  7:18  Probe  
  96  7:19  Probe  
  107  7:23  Zealot x2  
  107  7:26  Pylon  
  111  7:37  Gateway  
  111  7:38  Gateway  
  111  7:50  High Templar x5  
  111  7:51  High Templar  
  123  7:57  Immortal  
  123  7:58  Archon x3  
  127  8:00  Probe x3  
  127  8:02  Pylon, Protoss Ground Weapons Level 2 (Chrono Boost)  
  127  8:13  Nexus  
  127  8:15  Pylon  
  127  8:16  Phoenix  
  127  8:17  Photon Cannon, Pylon  
  129  8:33  Zealot x6  
  141  8:40  Pylon  
  141  8:55  High Templar x4  
  149  8:56  Zealot x4  
  149  8:59  Blink, Observer (Chrono Boost)  
  149  9:00  Archon x2  
  158  9:21  Zealot x4  
  144  9:35  Zealot x4  
  141  9:52  Observer  
  125  9:55  High Templar x3  
  125  9:56  Stalker, High Templar  
  125  9:57  Stalker x3, Warp Prism (Chrono Boost)  
  137  10:01  Archon  
  137  10:02  Probe x2, Archon  
  137  10:05  Protoss Ground Weapons Level 3 (Chrono Boost)  
  141  10:07  Probe x2  
  141  10:10  Assimilator  
  141  10:13  Assimilator  
  137  10:27  Colossus (Chrono Boost)  
  137  10:34  Zealot x5  
  137  10:35  Zealot x3  
  159  10:41  Gateway  
  159  10:42  Gateway  
  159  10:45  Photon Cannon  
  159  10:46  Photon Cannon  
  159  10:48  Gateway  
  159  10:49  Gateway  
  159  10:50  Photon Cannon  
  137  10:58  Nexus  
  137  11:00  Pylon  
  121  11:10  Zealot x8  
  131  11:13  Pylon  
  131  11:21  Colossus (Chrono Boost)  
  137  11:32  Zealot x8  
  151  11:36  Nexus  
  151  11:39  Pylon  
  133  11:46  Zealot x4  
  131  11:57  Zealot x8  
  146  12:09  Colossus (Chrono Boost)  
  152  12:18  High Templar x8  
  152  12:19  High Templar  
  152  12:21  Nexus  
  168  12:27  High Templar x3  
  174  12:32  Archon x5  
  174  12:33  Archon  
  160  12:44  Pylon  
  160  12:46  Warp Prism (Chrono Boost)  
  144  12:52  High Templar x6  
  144  12:53  Zealot x3  
  162  12:58  Archon x2  
  162  13:04  Stalker x3  
  168  13:17  Archon  
  168  13:19  Zealot x3  
  152  13:25  Zealot x6  
Show
View Real Time Build Order
Export as new Build Order

Stephano Zerg 

Build Orders: Hatch First 

Get SALT Encoding   

  12  0:00  Drone  
  13  0:13  Overlord  
  13  0:18  Drone  
  14  0:32  Drone x2  
  16  0:49  Hatchery  
  15  0:52  Drone  
  15  0:55  Drone  
  17  0:58  Drone  
  18  1:10  Extractor  
  17  1:14  Spawning Pool  
  17  1:17  Drone  
  17  1:20  Drone  
  18  1:29  Drone  
  19  1:41  Drone  
  20  1:50  Drone  
  21  2:01  Queen  
  21  2:02  Zergling x4  
  21  2:03  Queen  
  27  2:12  Overlord  
  27  2:14  Metabolic Boost, Drone  
  28  2:30  Drone  
  28  2:32  Drone  
  28  2:36  Hatchery  
  29  2:37  Drone  
  30  2:44  Queen  
  30  2:48  Drone  
  30  2:50  Drone  
  34  2:53  Zergling x2  
  34  2:57  Overlord  
  34  3:15  Overlord  
  34  3:16  Drone x2  
  34  3:17  Overlord  
  36  3:25  Extractor  
  35  3:27  Drone  
  35  3:28  Drone, Extractor  
  35  3:33  Drone x2  
  40  3:35  Drone x3  
  40  3:37  Spore Crawler  
  40  3:40  Spore Crawler, Queen  
  43  3:44  Drone x2  
  45  3:48  Drone  
  45  3:54  Drone x2, Extractor  
  47  3:57  Drone  
  47  4:02  Drone  
  48  4:03  Drone, Lair  
  48  4:06  Zergling x4  
  48  4:07  Drone  
  52  4:12  Extractor  
  52  4:13  Drone x2  
  52  4:14  Spore Crawler  
  52  4:18  Evolution Chamber  
  52  4:19  Drone  
  52  4:22  Drone  
  52  4:23  Drone  
  51  4:33  Drone x2  
  51  4:34  Drone x3  
  56  4:38  Overlord  
  56  4:39  Drone  
  57  4:47  Overlord, Zerg Missile Weapons Level 1  
  57  4:51  Overlord, Drone  
  58  4:59  Drone x2  
  58  5:04  Hydralisk Den  
  56  5:15  Overlord  
  56  5:16  Drone  
  56  5:23  Drone  
  56  5:24  Overlord  
  57  5:28  Drone  
  57  5:29  Drone x2  
  57  5:31  Extractor  
  57  5:35  Drone  
  59  5:36  Drone  
  59  5:38  Muscular Augments, Hydralisk x5  
  70  5:42  Hydralisk  
  70  5:45  Hydralisk  
  70  5:48  Zergling x6  
  77  5:54  Hydralisk  
  77  5:57  Overlord  
  79  5:59  Drone x2  
  79  6:00  Drone, Hydralisk  
  79  6:03  Queen  
  86  6:04  Hydralisk  
  88  6:14  Hydralisk x2  
  91  6:25  Hydralisk x2  
  91  6:26  Overlord  
  91  6:27  Drone x3  
  91  6:29  Drone x3  
  91  6:31  Drone x3  
  91  6:32  Extractor x2  
  102  6:38  Baneling Nest  
  101  6:45  Zerg Melee Weapons Level 1  
  101  6:46  Overseer  
  101  6:50  Hatchery  
  100  6:56  Grooved Spines  
  100  6:57  Hydralisk  
  100  7:11  Hydralisk x3  
  100  7:15  Overlord x2  
  106  7:16  Drone x3  
  106  7:17  Overlord  
  106  7:19  Overseer  
  109  7:26  Overlord  
  109  7:33  Hydralisk x2  
  109  7:34  Hydralisk x3  
  109  7:35  Overlord  
  119  7:37  Zergling x2  
  119  7:38  Zergling x12  
  126  7:45  Spire  
  126  7:50  Zergling x6  
  128  7:53  Centrifical Hooks  
  128  7:55  Zergling x12  
  134  8:13  Overlord  
  134  8:14  Drone  
  134  8:15  Drone x3  
  134  8:16  Drone x2  
  140  8:21  Overlord  
  140  8:28  Drone x3  
  143  8:35  Baneling  
  143  8:36  Overlord, Baneling x10  
  143  8:37  Drone  
  143  8:38  Drone x2  
  143  8:39  Drone x2  
  148  8:41  Drone x2  
  150  8:54  Spore Crawler  
  150  8:55  Extractor  
  147  8:57  Corruptor x4  
  147  8:58  Corruptor  
  147  9:00  Zerg Flyer Weapons Level 1  
  147  9:01  Overseer  
  157  9:04  Hatchery  
  157  9:09  Zerg Melee Weapons Level 2  
  155  9:21  Zergling x4  
  147  9:27  Hydralisk  
  147  9:28  Hydralisk x8  
  150  9:31  Zergling x2  
  150  9:32  Zergling x14  
  150  9:37  Zergling x6  
  142  9:46  Hydralisk x3  
  135  9:58  Corruptor x3  
  140  10:01  Queen  
  142  10:08  Hydralisk x3  
  142  10:09  Hydralisk  
  150  10:21  Baneling x7  
  150  10:23  Drone x3  
  150  10:24  Hatchery  
  150  10:26  Overseer  
  150  10:28  Drone x3  
  155  10:32  Baneling x5  
  155  10:33  Overseer  
  155  10:44  Zergling x8  
  155  10:45  Overlord x3  
  145  10:59  Hydralisk x5  
  145  11:03  Zergling x8  
  151  11:12  Zergling x10  
  151  11:13  Zergling x6  
  159  11:24  Zergling x8  
  159  11:25  Zergling x10  
  138  11:42  Hydralisk x6  
  138  11:43  Hydralisk  
  138  11:46  Baneling x7  
  138  11:47  Baneling x4  
  148  11:52  Zergling x2  
  148  11:53  Zergling x6  
  147  12:01  Hydralisk x3  
  147  12:08  Drone  
  154  12:17  Zergling x14  
  159  12:28  Zergling x2  
  159  12:29  Zergling x12  
  163  12:31  Infestation Pit  
  163  12:32  Baneling x5  
  163  12:33  Baneling x6  
  161  12:44  Zergling x18  
  164  12:57  Zergling x12  
  165  13:19  Zergling x20  
  153  13:20  Zergling x4  

Tags
 
Add a new tag
Caveats
  • Supply blocks, unpowered buildings, or Contaminate may cause inaccurate times.
  • Supply counts are checked every 10 seconds.